 Dungeon Crawl Stone Soup version 0.25-a0-1079-g858b6a6ff6 (webtiles) character file.

Game seed: 12630505984012505827, levelgen mode: deterministic

471 Gwenloh the Skirmisher (level 7, -2/62 HPs)
             Began as a Hill Orc Fighter on May 15, 2020.
             Killed from afar by Natasha (5 damage)
             ... with a magic dart
             ... on level 3 of the Dungeon.
             The game lasted 00:12:49 (4727 turns).

Gwenloh the Skirmisher (Hill Orc Fighter)           Turns: 4727, Time: 00:12:49

Health: -2/62      AC:  8    Str: 19    XL:     7   Next: 9%
Magic:  7/7        EV:  9    Int: 14    God:
Gold:   182        SH:  5    Dex: 12    Spells: 6/6 levels left

rFire    + . .     SeeInvis .   a - +1 war axe
rCold    . . .     Gourm    .   o - +0 buckler
rNeg     . . .     Faith    .   b - +0 scale mail
rPois    .         Spirit   .   (no helmet)
rElec    .         Reflect  .   (no cloak)
rCorr    .         Harm     .   s - +0 pair of gloves
MR       .....                  (no boots)
Stlth    ..........             (no amulet)
HPRegen  0.20/turn              n - ring of protection from fire
MPRegen  0.10/turn              p - +6 ring of intelligence

@: no status effects
A: no striking features
a: no special abilities


You were on level 3 of the Dungeon.
You were hungry.

You visited 1 branch of the dungeon, and saw 4 of its levels.

You collected 182 gold pieces.

Inventory:

Hand Weapons
 a - a +1 war axe (weapon)
 C - a +0 morningstar
Missiles
 g - 19 poisoned darts
 h - 39 stones (quivered)
 E - a boomerang
 F - 4 boomerangs of dispersal
Armour
 b - a +0 scale mail (worn)
 c - a +0 kite shield
 o - a +0 buckler (worn)
 s - a +0 pair of gloves (worn)
 v - a cursed +0 chain mail
 D - a +0 chain mail
Jewellery
 e - an uncursed ring of fire
 n - a ring of protection from fire (left hand)
 p - a +6 ring of intelligence (right hand)
Wands
 d - a wand of disintegration (1)
 A - a wand of polymorph (8)
 B - a wand of digging (6)
 H - a wand of paralysis (4)
Scrolls
 i - 2 scrolls of magic mapping
 r - a scroll of blinking {unknown}
 x - a scroll of amnesia {unknown}
 y - a scroll of teleportation
 z - 2 scrolls of identify
 G - a scroll of enchant weapon
Potions
 j - a potion of flight {unknown}
 k - 2 potions of stabbing
 m - 2 potions of degeneration {unknown}
 q - a potion of resistance {unknown}
 t - a potion of berserk rage {unknown}
 u - 3 potions of curing {unknown}
 w - 4 potions of haste {unknown}
Comestibles
 f - 8 rations
 l - 3 chunks of flesh


   Skills:
 * Level 5.9 Fighting
 + Level 4.4 Axes
 * Level 5.2 Armour
 * Level 5.4 Shields


You had 6 spell levels left.
You didn't know any spells.
Your spell library was empty.

Dungeon Overview and Level Annotations

Branches:
Dungeon (4/15)
 Temple: D:4-7

Altars:
Trog
Vehumet
Wu Jian
Zin

Shops:
D:4 =

Annotations:
D:3 Natasha


Message History

Your scale mail prevents you from hitting Natasha.
Natasha is heavily wounded.
Natasha claws you but does no damage.
You hit Natasha.
Natasha is severely wounded.
Natasha claws you!
You closely miss Natasha.
Natasha is severely wounded.
Natasha claws you.
* * * LOW HITPOINT WARNING * * *
Natasha wildly gestures.
You feel disoriented. Natasha claws you!
* * * LOW HITPOINT WARNING * * *
You closely miss Natasha.
Natasha is severely wounded.
Natasha mewls in sadness.
Natasha stares at you and mumbles some strange words.
The magic dart hits you.
You die...

####...# #.# #.###....###..
.......#########.###.###.######.#
####..##...............#.#......#
#..##.#######.###.#.#.#.####.#
#..##.#...........#)#.#.).....
#.......#####.#####..#........
#####.### #.# ###.######## ###
#h# ##.##### #@# ##.#....#### #.#
#.###....... #.## ##.#.##.....
#<.######.######## ######.○...#
##.....# ###### #......°.§.#
#.###.# .....# #.###.○._..# #.#
#.### ####.# #.# #..○○..# #.#
#.... #.# #.# ##...☼.# ##########


You could see Natasha (strong).

Vanquished Creatures
  The ghost of Lanoc the Ducker, an amateur KoGl (D:3)
  A scorpion (D:4)
  A howler monkey (D:4)
  3 orc priests
  A hound (D:4)
  Ijyb (D:2)
  An orc wizard (D:4)
  Natasha (D:3)
  6 adders
  An adder skeleton (D:4)
  6 worms
  3 dart slugs
  3 leopard geckos (D:1)
  20 orcs
  11 bats
  2 giant cockroaches (D:3)
  7 goblins
  6 hobgoblins
  4 kobolds
  2 quokkas
  A ball python (D:3)
  A frilled lizard (D:1)
  11 rats
94 creatures vanquished.

Notes
Turn   | Place    | Note
-------+----------+-------------------------------------------
     0 | D:1      | Gwenloh the Hill Orc Fighter began the quest for the Orb.
     0 | D:1      | Reached XP level 1. HP: 19/19 MP: 1/1
   217 | D:1      | Reached XP level 2. HP: 27/27 MP: 2/2
   578 | D:1      | Reached XP level 3. HP: 31/33 MP: 3/3
  1696 | D:2      | Reached XP level 4. HP: 37/41 MP: 4/4
  1835 | D:2      | Noticed a moth of wrath
  1838 | D:2      | Found a bloodstained altar of Trog.
  2084 | D:3      | Noticed Ijyb
  2346 | D:2      | Killed Ijyb
  2851 | D:3      | Reached XP level 5. HP: 47/47 MP: 5/5
  3206 | D:3      | Noticed Natasha
  3212 | D:3      | Killed Natasha
  3212 | D:3      | Reached skill level 5 in Fighting
  3416 | D:3      | Found a radiant altar of Vehumet.
  3628 | D:3      | Reached XP level 6. HP: 56/56 MP: 6/6
  4054 | D:4      | Found an ornate altar of the Wu Jian Council.
  4070 | D:4      | Reached skill level 5 in Shields
  4158 | D:4      | Found a glowing silver altar of Zin.
  4351 | D:4      | Found Ymiomuir's Jewellery Boutique.
  4535 | D:4      | Found a transporter.
  4537 | D:4      | Noticed Lanoc's ghost (amateur KoGl)
  4550 | D:4      | Reached skill level 5 in Armour
  4574 | D:4      | Noticed a phantom
  4575 | D:4      | Found a transporter.
  4655 | D:4      | Reached XP level 7. HP: 46/62 MP: 7/7
  4677 | D:3      | Killed Lanoc's ghost
  4717 | D:3      | Noticed Natasha
  4726 | D:3      | HP: 3/62 [Natasha (11)]
  4727 | D:3      | Killed from afar by Natasha

Illustrated notes

Levels and vault maps discovered:
D:1:      dpeg_arrival_chambers_temple_mockup, layout_basic,
          minmay_misc_feat_roman, minmay_stone_trees_small
D:2:      layout_loops_ring, tgw_trog, minmay_tetromino_s4
D:3:      layout_loops_ring, fiery_altar_vehumet, eino_tiny_chamber, uniq_ijyb,
          uniq_natasha
D:4:      layout_basic, overflow_temple_1_default, old_standard_altar,
          gammafunk_ghost_mausoleum, serial_shops, nicolae_shop_waterfront

Skill      XL: |  1  2  3  4  5  6 |
---------------+-------------------+-----
Fighting       | 4 5 |  5.9
Axes           | 3 4 |  4.4
Shields        | 4 5 |  5.4
Armour         | 4 5 |  5.2

Action                   |  1- 3 |  4- 6 |  7- 9 || total
-------------------------+-------+-------+-------++-------
Melee: War axe           |    90 |   203 |     8 ||   301
Throw: Stone             |    87 |    77 |       ||   164
       Dart              |    10 |    24 |       ||    34
  Use: Scroll            |     8 |     1 |     1 ||    10
       Potion            |       |     1 |       ||     1
  Eat: Chunk             |     3 |     9 |       ||    12
Armor: Scale mail        |    47 |   104 |     6 ||   157
Dodge: Dodged            |    23 |    97 |     2 ||   122
Block: Kite shield       |     6 |       |       ||     6
       Buckler           |    20 |    55 |       ||    75

Table legend:
 A = Non-vault XP
 B = Vault XP
 C = Vault XP percentage of total XP
 D = Non-vault monster count
 E = Vault monster count
 F = Vault count percentage of total count
                 A         B        C        D         E       F
            +---------+---------+-------+---------+---------+-------
      Total |     579 |      94 |  14.0 |      85 |       9 |   9.6
            +---------+---------+-------+---------+---------+-------
        D:1 |      41 |       0 |   0.0 |      20 |       0 |   0.0
        D:2 |      55 |      50 |  47.6 |      18 |       7 |  28.0
        D:3 |     142 |      44 |  23.7 |      27 |       2 |   6.9
        D:4 |     341 |       0 |   0.0 |      20 |       0 |   0.0
            +---------+---------+-------+---------+---------+-------
